 Dungeon Crawl Stone Soup version 0.21.1-1-g345015fe64 (webtiles) character file.

79 Naridas the Changer (level 4, -4/28 HPs)
             Began as an Octopode Transmuter on July 16, 2018.
             Killed from afar by an orc wizard (13 damage)
             ... with a puff of flame
             ... on level 3 of the Dungeon.
             The game lasted 00:06:16 (1759 turns).

Naridas the Changer (Octopode Transmuter)           Turns: 1759, Time: 00:06:16

Health: -4/28      AC:  1    Str:  9    XL:     4   Next: 38%
Magic:  1/7        EV: 13    Int: 16    God:
Gold:   40         SH:  0    Dex: 12    Spells: 1/7 levels left

rFire    . . .     SeeInvis .     - Unarmed
rCold    . . .     Gourm    .   (no shield)
rNeg     . . .     Faith    .   (helmet restricted)
rPois    .         Spirit   .   i - amulet of regeneration
rElec    .         Reflect  .   (no ring)
rCorr    .         Harm     .   (no ring)
MR       .....                  (no ring)
Stlth    ++........             (no ring)
HPRegen  0.49/turn              (no ring)
MPRegen  0.10/turn              (no ring)
                                (no ring)
                                (no ring)

@: very slightly contaminated
A: almost no armour, stealthy swim, amphibious, 8 rings, constrict 8, camouflage
1, gelatinous body 1
a: no special abilities


You were on level 3 of the Dungeon.
You were not hungry.

You visited 1 branch of the dungeon, and saw 3 of its levels.

You collected 40 gold pieces.

Inventory:

Missiles
 a - 12 arrows
 g - 9 poisoned needles
 o - a throwing net (quivered)
Jewellery
 d - a +4 ring of intelligence {unknown}
 i - an amulet of regeneration (around mantle)
 j - an uncursed ring of protection from fire {unknown}
Scrolls
 h - a scroll of enchant weapon
 k - a scroll of blinking
 m - a scroll of remove curse {unknown}
 p - a scroll of amnesia {unknown}
Potions
 e - a potion of lignification {unknown}
 l - a potion of magic {unknown}
 n - a potion of mutation {unknown}
Books
 b - a book of Changes

   Spells                             Type                      Level
   a - Beastly Appendage              Transmutation                1
   b - Sticks to Snakes               Transmutation                2
   c - Spider Form                    Transmutation/Poison         3
   d - Ice Form                       Ice/Transmutation            4
   e - Blade Hands                    Transmutation                5
Comestibles
 c - 2 rations
 f - a chunk of flesh


   Skills:
 - Level 1.0 Fighting
 - Level 2.0 Dodging
 - Level 3.0 Unarmed Combat
 - Level 2.0 Spellcasting
 + Level 4.5 Transmutations


You had one spell level left.
You knew the following spells:

 Your Spells              Type           Power        Failure   Level  Hunger
a - Beastly Appendage     Tmut           ###...       3%          1    #......
b - Sticks to Snakes      Tmut           ###.....     4%          2    ###....
c - Spider Form           Tmut/Pois      #.........   24%         3    ###....


Dungeon Overview and Level Annotations

Branches:
Dungeon (3/15)

Altars:


Innate Abilities, Weirdness & Mutations

You cannot wear most types of armour.
You are very stealthy in the water. (Stealth+)
You are amphibious.
You can wear up to eight rings at the same time.
You can use your tentacles to constrict eight enemies at once.
Your skin changes colour to match your surroundings (Stealth+).
Your rubbery body absorbs attacks. (AC +1, EV +1)


Message History

You miscast Spider Form.
You are very lightly contaminated with residual magic.
You feel weak for a moment.
The orc shouts!
Casting: Spider Form
Confirm with . or Enter, or press ? or * to list all spells.
You miscast Spider Form.
Your body is twisted painfully.
A quokka comes into view.
You barely miss the orc wizard. Your grab misses the orc wizard.
The orc wizard gestures at you while chanting.
The magic dart hits you!
You tentacle-slap the orc wizard. Your grab misses the orc wizard.
The orc wizard is lightly wounded.
The orc wizard hits you with a dagger.
* * * LOW HITPOINT WARNING * * *
You closely miss the orc wizard. Your grab misses the orc wizard.
The orc wizard is lightly wounded.
The orc wizard points at you and mumbles some strange words.
The puff of flame hits you!
You die...

#. #. .♣ ♣♣♣ .#..
.♣♣.. ..<.. ....♣
. .....##... #..
...r.o...###...
......o........
#o..# #.@.# .#
#.#.###...####..#
................#
......###........
........<.####.##
..##.###### # .
#. #


You could see an orc wizard, 2 orcs and a quokka.

Vanquished Creatures
  Jessica (D:2)
  3 adders (D:2)
  A dart slug (D:1)
  A leopard gecko (D:1)
  A giant cockroach (D:1)
  4 goblins
  5 hobgoblins
  4 kobolds
  3 bats
23 creatures vanquished.

Notes
Turn   | Place    | Note
-------+----------+-------------------------------------------
     0 | D:1      | Naridas the Octopode Transmuter began the quest for the Orb.
     0 | D:1      | Reached XP level 1. HP: 13/13 MP: 3/3
     0 | D:1      | Noticed a vine stalker
     0 | D:1      | Noticed a spriggan
     1 | D:1      | Noticed a dwarf
     3 | D:1      | Noticed a centaur
     3 | D:1      | Noticed a spriggan
     5 | D:1      | Noticed a ghoul
     7 | D:1      | Noticed an ogre
     8 | D:1      | Noticed a minotaur
    10 | D:1      | Noticed a gargoyle
    14 | D:1      | Noticed an octopode
    14 | D:1      | Noticed an octopode
    16 | D:1      | Noticed a dwarf
    16 | D:1      | Noticed a formicid
    18 | D:1      | Noticed a gargoyle
    18 | D:1      | Noticed a gargoyle
    20 | D:1      | Noticed a ghoul
   284 | D:1      | Reached XP level 2. HP: 14/18 MP: 5/5
   398 | D:1      | Learned a level 2 spell: Sticks to Snakes
   572 | D:1      | Reached skill level 3 in Transmutations
  1105 | D:2      | Reached XP level 3. HP: 19/23 MP: 6/6
  1212 | D:2      | Learned a level 3 spell: Spider Form
  1441 | D:2      | Noticed Jessica
  1451 | D:2      | Killed Jessica
  1451 | D:2      | Reached skill level 4 in Transmutations
  1451 | D:2      | Reached XP level 4. HP: 28/28 MP: 3/7
  1759 | D:3      | Killed from afar by an orc wizard

Skill      XL: |  1  2  3 |
---------------+----------+-----
Transmutations | 3 4 |  4.5
Fighting       | |  1.0
Dodging        | |  2.0
Unarmed Combat | |  3.0
Spellcasting   | |  2.0

Action                   |  1- 3 |  4- 6 || total
-------------------------+-------+-------++-------
Melee: Unarmed           |    55 |    14 ||    69
       Constrict         |    12 |     3 ||    15
       Tentacles         |     5 |       ||     5
       Punch             |     1 |       ||     1
 Cast: Spider Form       |     2 |     1 ||     3
  Use: Scroll            |     2 |     1 ||     3
 Stab: Sleeping          |     1 |       ||     1
  Eat: Chunk             |     2 |     1 ||     3
Armor: Skin              |     3 |     4 ||     7
Dodge: Dodged            |    26 |    15 ||    41
